 Dungeon Crawl Stone Soup version 0.29-a0-885-gb26ba3297d (webtiles) character file.

Game seed: 4457983336643500378

3250 buhh the Insei (level 9, -20/62 HPs)
             Began as an Octopode Transmuter on July 20, 2022.
             Was a Follower of Cheibriados.
             Demolished by an orc warrior
             ... wielding a +0 war axe
              (23 damage)
             ... on level 8 of the Dungeon.
             The game lasted 00:31:10 (11495 turns).

buhh the Insei (Octopode Transmuter)               Turns: 11495, Time: 00:31:11

Health: -20/62     AC:  1    Str: 11    XL:     9   Next: 99%
Magic:  0/12       EV: 16    Int: 28    God:    Cheibriados [*.....]
Gold:   245        SH:  5    Dex: 14    Spells: 2/12 levels left

rFire   + . .      SeeInvis .     - Unarmed
rCold   . . .      Faith    .   (no shield)
rNeg    . . .      Spirit   .   (helmet restricted)
rPois   .          Reflect  +   J - amulet of reflection
rElec   .          Harm     .   q - +6 ring of intelligence
rCorr   .          Rampage  .   D - ring of protection from fire
Will    .....                   (no ring)
Stlth   +++.......              (no ring)
HPRegen 0.20/turn               (no ring)
MPRegen 0.13/turn               (no ring)
                                (no ring)
                                (no ring)

@: very slightly contaminated, very slow
A: almost no armour, amphibious, 8 rings, camouflage 1, gelatinous body 1,
(nimble swimmer 1), tentacles
a: Renounce Religion, Bend Time


You were on level 8 of the Dungeon.
You worshipped Cheibriados.
Cheibriados was aware of your devotion.
You visited 2 branches of the dungeon, and saw 9 of its levels.
You also visited: Ossuary and Bailey.

You collected 295 gold pieces.
You spent 50 gold pieces at shops.

Inventory:

Missiles
 j - 21 poisoned darts
 H - a curare-tipped dart
Magical Staves
 p - a staff of earth
Jewellery
 q - a +6 ring of intelligence (left tentacle)
 r - a ring of resist corrosion
 D - a ring of protection from fire (right tentacle)
 J - an amulet of reflection (around mantle)
Wands
 y - a wand of polymorph (7)
 A - a wand of digging (8)
 B - a wand of roots (9)
 E - a wand of flame (21)
Scrolls
 a - 3 scrolls of identify {!d}
 c - 4 scrolls of teleportation {!d!d}
 d - 3 scrolls of magic mapping {!d}
 f - 4 scrolls of fog
 g - 3 scrolls of amnesia
 i - a scroll of acquirement
 u - 2 scrolls of silence {!r}
 v - a scroll of noise
 z - a scroll of brand weapon
 C - a scroll of torment {unknown}
 F - a scroll of immolation {unknown}
Potions
 b - 7 potions of curing {unknown}
 e - 2 potions of mutation {unknown}
 h - 3 potions of haste {unknown}
 k - 2 potions of attraction {unknown}
 l - a potion of degeneration {unknown}
 m - a potion of berserk rage {unknown}
 n - a potion of ambrosia {unknown}
 o - 2 potions of experience {unknown}
 t - 2 potions of brilliance {unknown}
 w - 2 potions of heal wounds {!d}
 x - 2 potions of flight {unknown}
 G - a potion of cancellation {unknown}
Miscellaneous
 I - a tin of tremorstones (inert)


   Skills:
 + Level 6.2 Fighting
 + Level 6.5 Dodging
 - Level 2.0 Stealth
 + Level 6.9 Unarmed Combat
 - Level 2.0 Spellcasting
 - Level 6.0 Transmutations
 * Level 5.6 Ice Magic
 - Level 1.0 Poison Magic


You had 2 spell levels left.
You knew the following spells:

 Your Spells              Type           Power      Damage    Failure   Level
a - Beastly Appendage     Tmut           72%        N/A       1%          1
b - Wereblood             Tmut           36%        N/A       1%          2
c - Spider Form           Tmut/Pois      22%        N/A       6%          3
d - Ice Form              Ice/Tmut       35%        N/A       9%          4

Your spell library contained the following spells:

 Spells                   Type           Power      Damage    Failure   Level
 Slow                     Hex            8%         N/A       9%          1
 Summon Small Mammal      Summ           8%         N/A       9%          1
 Call Canine Familiar     Summ           2%         N/A       26%         3
 Confusing Touch          Hex            2%         N/A       26%         3
 Inner Flame              Hex/Fire       2%         N/A       26%         3
 Summon Guardian Golem    Hex/Summ       2%         N/A       26%         3
 Vampiric Draining        Necr           2%         2d6       26%         3
 Anguish                  Hex/Necr       1%         N/A       65%         4
 Cause Fear               Hex            1%         N/A       65%         4
 Enfeeble                 Hex            1%         N/A       100%        7
 Discord                  Hex            1%         N/A       100%        8


Dungeon Overview and Level Annotations

Branches:
Dungeon (8/15) Zot: 36424  Temple (1/1) D:6 Zot: 8953    Lair (0/5) D:8
Ossuary (visited)          Bailey (visited)

Altars:
Ashenzari
Cheibriados
Dithmenos
Elyvilon
Fedhas
Gozag
Kikubaaqudgha
Makhleb
Okawaru
Ru
Trog
Uskayaw
Vehumet
Wu Jian
Xom
Yredelemnul
Zin
The Shining One

Shops:
D:3 !

Annotations:
D:4 Ijyb
D:6 Edmund
D:7 exclusions: gnoll and 1 more exclusion
Temple 2 transporters


Innate Abilities, Weirdness & Mutations

You cannot wear most types of armour.
You are amphibious.
You can wear up to eight rings at the same time.
Your skin changes colour to match your surroundings (Stealth+).
Your rubbery body absorbs attacks. (AC +1, EV +1)
((You are camouflaged when in or above water. (Stealth+)))
You have tentacles for arms and can constrict up to eight enemies at once.


Message History

The orc warrior hits you with a +0 war axe!
The orc warrior attacks as you move away!
The orc warrior hits you with a +0 war axe!
* * * LOW HITPOINT WARNING * * *
The orc warrior attacks as you move away!
The orc warrior hits you with a +0 war axe.
* * * LOW HITPOINT WARNING * * *
The orc warrior hits you with a +0 war axe.
* * * LOW HITPOINT WARNING * * *
Okay, then.
As you read the scroll of fear {!d}, it crumbles to dust.
You assume a fearsome visage.
The orc warrior resists with some effort.
The orc looks frightened!
The orc warrior hits you with a +0 war axe.
* * * LOW HITPOINT WARNING * * *
You feel much better.
The orc warrior hits you with a +0 war axe!
You hit the orc warrior but do no damage.
You hit the orc warrior. You freeze the orc warrior.
The orc warrior is moderately wounded.
You warm up again.
The orc closely misses you. The orc warrior barely misses you.
Casting: Ice Form (dangerous; 9% risk of failure)
Press: ? - help, Q - select action, (/) - cycle Dir - look around, f - activate You miscast Ice Form.
You are very lightly contaminated with residual magic.
Nothing appears to happen.
The orc closely misses you.
The orc warrior hits you with a +0 war axe.
* * * LOW HITPOINT WARNING * * *
Okay, then.
Casting: Ice Form (dangerous; 9% risk of failure)
Press: ? - help, Q - select action, (/) - cycle Dir - look around, f - activate You miscast Ice Form.
You feel extremely cold!
* * * LOW HITPOINT WARNING * * *
The orc hits you from afar with a +0 trident.
* * * LOW HITPOINT WARNING * * *
The orc warrior hits you with a +0 war axe!!
You die...

*,,..###* ###.........### #####
**,.....###....##.###.#####...#
,,,.$.....<....##.............#
,,,###........................#
,,,* ###.......###............###
,,,* #........###..............
,,,* #.).?....#*##....#####..##
,,,*####)).†....##...#...........
,,...)..)))....o@..###.####......
,,.###.##.####o#..<.##.#[.....##.
,,,*#..........o.........#..#.#*.
,,,..............[.o....##.##.#**
,,.#......##.#########.....##.#
,,,,..#...##o* #......#.#
*,,*.>..###o.******###.#......###
,,*,,,***,..,,,,,,*..............
***,,,,,,...*******..............


You could see an orc warrior and 3 orcs.

Vanquished Creatures
  Sigmund (D:2)
  Menkaure (D:4)
  A sky beast (D:8)
  A black bear (D:7)
  4 orc warriors
  An ice beast (D:8)
  3 kobold brigands
  5 bullfrogs
  2 gnoll sergeants
  3 elf skeletons (D:4)
  3 scorpions
  3 howler monkeys
  A gnoll bouda (D:6)
  A human zombie (D:4)
  3 hounds
  4 jellies
  3 orc priests
  A human skeleton (D:4)
  4 iguanas
  11 orc wizards
  A mummy (Ossuary)
  14 gnolls
  8 adders
  A white imp (D:6)
  2 ufetubi
  2 worms
  3 dart slugs
  37 orcs
  2 spectral bats (Ossuary)
  6 ball pythons
  2 bats (D:1)
  5 endoplasms
  5 giant cockroaches
  12 gnoll zombies (Ossuary)
  17 goblins
  7 hobgoblins
  24 kobolds
  A quokka (D:3)
  2 bat simulacra (Ossuary)
  15 frilled lizards
  5 goblin simulacra (Ossuary)
  6 goblin zombies (Ossuary)
  A hobgoblin zombie (Ossuary)
  3 kobold simulacra (Ossuary)
  2 kobold zombies (Ossuary)
  An orc skeleton (D:4)
  9 orc zombies (Ossuary)
  6 rats
  2 rat simulacra (Ossuary)
  3 spectral goblins (Ossuary)
  5 spectral kobolds (Ossuary)
  2 spectral rats (Ossuary)
267 creatures vanquished.

Vanquished Creatures (others)
  5 plants (D:1)
5 creatures vanquished.

Grand Total: 272 creatures vanquished

Notes
Turn   | Place    | Note
-------+----------+-------------------------------------------
     0 | D:1      | buhh the Octopode Transmuter began the quest for the Orb.
     0 | D:1      | Reached XP level 1. HP: 13/13 MP: 3/3
   226 | D:1      | Found a faded altar of an unknown god.
   311 | D:1      | Reached skill level 1 in Stealth
   316 | D:1      | Reached skill level 1 in Poison Magic
   316 | D:1      | Reached XP level 2. HP: 18/18 MP: 3/5
   353 | D:1      | Learned a level 2 spell: Wereblood
   694 | D:1      | Reached XP level 3. HP: 22/23 MP: 3/6
  1254 | D:2      | Learned a level 3 spell: Spider Form
  1461 | D:2      | Noticed Sigmund
  1474 | D:2      | Killed Sigmund
  1475 | D:2      | Reached XP level 4. HP: 30/30 MP: 2/7
  1475 | D:2      | Reached XP level 5. HP: 36/36 MP: 2/8
  1966 | D:2      | Reached XP level 6. HP: 42/42 MP: 5/9
  2795 | D:3      | Found a radiant altar of Vehumet.
  3222 | D:3      | Found Pidat's Distillery.
  3230 | D:3      | Bought a potion of heal wounds for 50 gold pieces
  3742 | D:4      | Noticed Menkaure
  3840 | D:4      | Killed Menkaure
  3841 | D:4      | Reached skill level 5 in Unarmed Combat
  3841 | D:4      | Reached XP level 7. HP: 21/47 MP: 10/10
  4158 | D:4      | Found a sand-covered staircase.
  4167 | D:4      | Reached skill level 5 in Dodging
  4170 | Ossuary  | Entered an ossuary
  4541 | Ossuary  | Learned a level 4 spell: Ice Form
  5212 | D:4      | Noticed Ijyb
  5361 | D:4      | Reached skill level 1 in Ice Magic
  5361 | D:4      | Reached XP level 8. HP: 38/54 MP: 7/11
  5701 | D:4      | Found a bloodstained altar of Trog.
  6073 | D:5      | Entered Level 5 of the Dungeon
  6308 | D:5      | Reached skill level 5 in Fighting
  6373 | D:5      | You fall into a shaft and drop 3 floors!
  6593 | D:8      | Found a flagged portal.
  6614 | Bailey   | Entered a bailey
  6634 | Bailey   | Noticed an orc warlord
  6901 | Bailey   | Found a runed translucent gate.
  6903 | Bailey   | Found a runed translucent gate.
  6905 | Bailey   | Found a runed translucent gate.
  7925 | D:7      | Reached XP level 9. HP: 37/61 MP: 9/12
  8732 | D:5      | Found a broken altar of Ashenzari.
  9461 | D:6      | Reached skill level 5 in Transmutations
  9552 | D:6      | Noticed Edmund
  9990 | D:6      | Found a staircase to the Ecumenical Temple.
  9999 | Temple   | Entered the Ecumenical Temple
  9999 | Temple   | Found a transporter.
  9999 | Temple   | Found a transporter.
 10001 | Temple   | Found a transporter.
 10001 | Temple   | Found a transporter.
 10013 | Temple   | Became a worshipper of Cheibriados the Contemplative
 10583 | D:7      | Reached skill level 5 in Ice Magic
 10783 | D:7      | Reached * piety under Cheibriados
 11380 | D:7      | Noticed a deep elf zephyrmancer
 11495 | D:8      | HP: 3/62 [orc/+0 trident (6)]
 11495 | D:8      | Demolished by an orc warrior

Illustrated notes

Levels and vault maps discovered:
D:1:      dpeg_arrival_arbitrary_b, layout_loops_ring,
          hellmonk_ecumenical_altar_leap_of_faith, minmay_lizard_king
D:2:      layout_basic, nicolae_figureground_sparkle, uniq_sigmund
D:3:      layout_rooms, vehumet_altar_wand_db, serial_shops,
          nicolae_shop_advertising_works [nicolae_subvault_shop_adworks]
D:4:      layout_basic, amcnicky_altar_gilded, nicolae_ossuary_entry_catacombs,
          uniq_menkaure, uniq_ijyb
D:5:      layout_loops_ring, kennysheep_little_box
D:6:      layout_loops_ring, minmay_temple_entry_steel_oval, uniq_edmund
D:7:      layout_basic, guppyfry_early_elven_hall
D:8:      layout_rooms, nicolae_sif_muna_little_library,
          erik_lair_orcish_takeover, enter_bailey_3
Temple:   hellmonk_temple_divided_pantheon

Skill      XL: |  1  2  3  4  5  6  7  8  9 |
---------------+----------------------------+-----
Stealth        | 1 2 |  2.0
Poison Magic   | 1 |  1.0
Fighting       | 2 3 4 5 6 |  6.2
Dodging        | 3 4 5 6 |  6.5
Unarmed Combat | 4 5 6 |  6.9
Ice Magic      | 1 3 5 |  5.6
Transmutations | 4 6 |  6.0
Spellcasting   | |  2.0

Action                   |  1- 3 |  4- 6 |  7- 9 || total
-------------------------+-------+-------+-------++-------
Melee: Unarmed           |    64 |    89 |   529 ||   682
       Constrict         |    15 |     3 |    52 ||    70
       Kick              |    13 |       |     5 ||    18
       Tentacles         |     5 |     3 |    51 ||    59
       Punch             |     2 |     2 |    13 ||    17
 Cast: Beastly Appendage |    21 |     1 |     4 ||    26
       Wereblood         |     2 |       |     4 ||     6
       Spider Form       |       |    17 |    29 ||    46
       Ice Form          |       |       |    11 ||    11
Evoke: Wand              |       |       |    11 ||    11
       Tin of tremorston |       |       |     2 ||     2
  Use: Potion            |     1 |     1 |     3 ||     5
       Scroll            |       |     2 |    12 ||    14
 Stab: Sleeping          |     7 |     2 |    17 ||    26
       Distracted        |       |       |     1 ||     1
Armor: Skin              |    36 |    10 |    86 ||   132
Dodge: Dodged            |    30 |    54 |   320 ||   404
Block: Other             |       |       |    27 ||    27
       Reflection        |       |       |     1 ||     1

Table legend: (Time is in decaauts)
 A = Elapsed time spent in this place.
 B = Non-inter-level travel time spent in this place.
 C = Inter-level travel time spent in this place.
 D = Time resting spent in this place.
 E = Time spent auto-exploring this place.
 F = Levels seen in this place.
 G = Mean time per level.
                   A        B        C        D        E       F      G
               +--------+--------+--------+--------+--------+-----+--------+
         Total |  11725 |  11361 |    364 |   2113 |   6095 |  11 | 1065.9 |
       Dungeon |   9762 |   9398 |    364 |   1326 |   5924 |   8 | 1220.2 |
        Temple |     39 |     39 |      0 |      0 |      3 |   1 |   39.0 |
       Ossuary |    930 |    930 |      0 |    386 |     47 |   1 |  930.0 |
        Bailey |    993 |    993 |      0 |    401 |    121 |   1 |  993.0 |
               +--------+--------+--------+--------+--------+-----+--------+

Top non-repeatable levels by time:
     D:7: 1867 daAuts
     D:2: 1566 daAuts
     D:6: 1471 daAuts
     D:4: 1363 daAuts
     D:3: 1213 daAuts
  Bailey: 993 daAuts
     D:1: 975 daAuts
     D:5: 968 daAuts
 Ossuary: 930 daAuts
     D:8: 336 daAuts
  Temple: 39 daAuts
